PAAA
JERSEY CITY TRITONS @ BALTIMORE BLACK SOX
09/01/2033
 
TOP OF THE 1ST
Jersey City Tritons batting - Pitching for Baltimore Black Sox : RHP Jordan Turpin
Pitching: RHP Jordan Turpin
Batting: RHB Rand McNally 0-0: Ball
1-0: SINGLE (Groundball, 6D)
Batting: RHB Steven Rohrs 0-0: Ball
1-0: Ball
2-0: Called Strike
2-1: Swinging Strike
2-2: 2-RUN HOME RUN (Line Drive, 89D), Distance : 391 ft
Batting: LHB Shelby Noonan 0-0: Swinging Strike
0-1: Ball
1-1: Called Strike
1-2: Strikes out looking
Batting: RHB Ray Walker 0-0: Ball
1-0: SINGLE (Flyball, 89S)
Batting: LHB Bart Walton 0-0: Ball
Ray Walker is caught stealing 2nd base
1-0: Swinging Strike
1-1: Foul Ball, location: 2F
1-2: SINGLE (Groundball, 34D) (infield hit)
Batting: LHB Dana Waldrip 0-0: Ball
1-0: SINGLE (Groundball, 4MD)
Bart Walton to second
Runner from 2nd tries for 3rd, SAFE, no throw
Batting: LHB Bartholomew Bailey 0-0: Ball
1-0: Foul Ball, location: 2F
1-1: Swinging Strike
1-2: SINGLE (Line Drive, 34D)
Bart Walton scores
Dana Waldrip to second
Runner from 2nd tries for 3rd, SAFE, no throw
Batting: RHB Brian Moring 0-0: Called Strike
0-1: Fielders Choice at 2nd, 6-4 (Groundball, 6)
Top of the 1st over - 3 runs, 6 hits, 0 errors, 2 left on base; Jersey City 3 - Baltimore 0
BOTTOM OF THE 1ST
Baltimore Black Sox batting - Pitching for Jersey City Tritons : RHP Jack Salt
Pitching: RHP Jack Salt
Batting: LHB Tomás Valenzuela 0-0: SINGLE (Groundball, 4MD)
Batting: LHB Tim Waters 0-0: Called Strike
0-1: Ball
1-1: Ball
2-1: Foul Ball, location: 2F
2-2: Ball
3-2: Base on Balls
Tomás Valenzuela to second
Batting: LHB Shigenobu Ohayashi 0-0: Ball
1-0: Ball
2-0: Ball
3-0: Base on Balls
Tomás Valenzuela to third
Tim Waters to second
Batting: LHB Sergio Rodríguez 0-0: Called Strike
0-1: Ball
1-1: Fielders Choice at 2nd, 6-4 (Groundball, 56)
Tomás Valenzuela scores
Tim Waters to third
Batting: RHB Berihun Tukufu 0-0: SINGLE (Line Drive, 78S)
Tim Waters scores
Sergio Rodríguez to second
Batting: RHB Raúl Cicerón 0-0: Ball
1-0: Ball
2-0: Called Strike
2-1: Ball
3-1: Base on Balls
Sergio Rodríguez to third
Berihun Tukufu to second
Batting: RHB Jeb Sexton 0-0: Ball
1-0: Ball
2-0: Called Strike
2-1: Ball
3-1: Swinging Strike
3-2: Base on Balls
Sergio Rodríguez scores
Berihun Tukufu to third
Raúl Cicerón to second
Batting: LHB Ramón Flores 0-0: Ball
1-0: Called Strike
1-1: Ball
2-1: DOUBLE (Flyball, 8LD)
Berihun Tukufu scores
Raúl Cicerón scores
Jeb Sexton to third
Batting: RHB Fernando Martínez 0-0: Ball
1-0: Ball
2-0: Ball
3-0: Called Strike
3-1: Called Strike
3-2: Foul Ball, location: 2F
3-2: Base on Balls
Batting: LHB Tomás Valenzuela 0-0: Fly out, F7 (Flyball, 56D)
Batting: LHB Tim Waters 0-0: Ball
1-0: Foul Ball, location: 2F
1-1: TRIPLE (Groundball, 3L)
Jeb Sexton scores
Ramón Flores scores
Fernando Martínez scores
Pitching: RHP Min-gook Chong
Batting: LHB Shigenobu Ohayashi 0-0: Ball
1-0: Swinging Strike
1-1: Fly out, F4 (Popup, 4M)
Bottom of the 1st over - 8 runs, 4 hits, 0 errors, 1 left on base; Jersey City 3 - Baltimore 8
TOP OF THE 2ND
Jersey City Tritons batting - Pitching for Baltimore Black Sox : RHP Jordan Turpin
Batting: RHB Micheal Lovell 0-0: Called Strike
0-1: Ground out 5-3 (Groundball, 56S)
Batting: RHB Rand McNally 0-0: Foul Ball, location: 2F
0-1: Ball
1-1: Fly out, F8 (Flyball, 8RD)
Batting: RHB Steven Rohrs 0-0: Ball
1-0: Swinging Strike
1-1: Fly out, F8 (Line Drive, 8RM)
Top of the 2nd over - 0 runs, 0 hits, 0 errors, 0 left on base; Jersey City 3 - Baltimore 8
BOTTOM OF THE 2ND
Baltimore Black Sox batting - Pitching for Jersey City Tritons : RHP Min-gook Chong
Batting: LHB Sergio Rodríguez 0-0: Called Strike
0-1: Fly out, F9 (Flyball, 89M)
Batting: RHB Berihun Tukufu 0-0: Called Strike
0-1: Ball
1-1: Ball
2-1: Swinging Strike
2-2: Ball
3-2: TRIPLE (Flyball, 89XD)
Batting: RHB Raúl Cicerón 0-0: Swinging Strike
0-1: Ball
1-1: Ball
2-1: Ball
3-1: Base on Balls
Batting: RHB Jeb Sexton 0-0: Ball
1-0: Ball
2-0: Ball
Wild Pitch!
Berihun Tukufu scores
Raúl Cicerón to second
3-0: Base on Balls
Batting: LHB Ramón Flores 0-0: Ball
1-0: Ball
Raúl Cicerón is caught stealing 3rd base
Jeb Sexton to second
2-0: Ground out 5-3 (Groundball, 56)
Bottom of the 2nd over - 1 run, 1 hit, 0 errors, 1 left on base; Jersey City 3 - Baltimore 9
TOP OF THE 3RD
Jersey City Tritons batting - Pitching for Baltimore Black Sox : RHP Jordan Turpin
Batting: LHB Shelby Noonan 0-0: DOUBLE (Line Drive, 78S)
Batting: RHB Ray Walker 0-0: Ball
1-0: Ball
2-0: Called Strike
2-1: Ball
3-1: Base on Balls
Batting: LHB Bart Walton 0-0: Ball
1-0: Foul Ball, location: 2F
1-1: Foul Ball, location: 2F
1-2: Foul Ball, location: 2F
1-2: Ball
2-2: Ball
3-2: Base on Balls
Shelby Noonan to third
Ray Walker to second
Batting: LHB Dana Waldrip 0-0: Called Strike
0-1: Ball
1-1: Ball
2-1: Called Strike
2-2: Ball
3-2: Base on Balls
Shelby Noonan scores
Ray Walker to third
Bart Walton to second
Batting: LHB Bartholomew Bailey 0-0: Ball
1-0: Foul Ball, location: 2F
1-1: Foul Ball, location: 2F
1-2: Ball
2-2: Ball
3-2: Base on Balls
Ray Walker scores
Bart Walton to third
Dana Waldrip to second
Batting: RHB Brian Moring 0-0: Called Strike
0-1: Foul Ball, location: 2F
0-2: Foul Ball, location: 2F
0-2: Foul Ball, location: 2F
0-2: Ball
1-2: Foul Ball, location: 2F
1-2: Ball
2-2: Ball
3-2: Base on Balls
Bart Walton scores
Dana Waldrip to third
Bartholomew Bailey to second
Batting: RHB Micheal Lovell 0-0: Called Strike
0-1: Called Strike
0-2: Strikes out swinging
Batting: RHB Rand McNally 0-0: Ball
1-0: Ball
2-0: Foul Ball, location: 2F
2-1: Ball
3-1: Foul Ball, location: 2F
3-2: Fly out, F4 (Flyball, 4MD)
Batting: RHB Steven Rohrs 0-0: Ball
1-0: Ground out 4-3 (Groundball, 34)
Top of the 3rd over - 3 runs, 1 hit, 0 errors, 3 left on base; Jersey City 6 - Baltimore 9
BOTTOM OF THE 3RD
Baltimore Black Sox batting - Pitching for Jersey City Tritons : RHP Min-gook Chong
Batting: RHB Fernando Martínez 0-0: Foul Ball, location: 2F
0-1: Ball
1-1: Foul Ball, location: 2F
1-2: Ball
2-2: Ball
3-2: Foul Ball, location: 2F
3-2: Base on Balls
Batting: LHB Tomás Valenzuela 0-0: Called Strike
0-1: Ball
1-1: Called Strike
1-2: Foul Ball, location: 2F
1-2: Fly out, F9 (Flyball, 9)
Batting: LHB Tim Waters 0-0: Fly out, F7 (Flyball, 7LD)
Batting: LHB Shigenobu Ohayashi 0-0: Called Strike
0-1: Ball
1-1: Foul Ball, location: 2F
1-2: Fly out, F4 (Popup, 34)
Bottom of the 3rd over - 0 runs, 0 hits, 0 errors, 1 left on base; Jersey City 6 - Baltimore 9
TOP OF THE 4TH
Jersey City Tritons batting - Pitching for Baltimore Black Sox : RHP Jordan Turpin
Batting: LHB Shelby Noonan 0-0: Called Strike
0-1: Fly out, F3 (Popup, 3SF)
Batting: RHB Ray Walker 0-0: Ball
1-0: Fly out, F3 (Line Drive, 3)
Batting: LHB Bart Walton 0-0: Ball
1-0: Ball
2-0: Swinging Strike
2-1: Foul Ball, location: 2F
2-2: SINGLE (Line Drive, 34D)
Batting: LHB Dana Waldrip 0-0: Called Strike
0-1: Ball
1-1: Foul Ball, location: 2F
1-2: Ball
2-2: Foul Ball, location: 2F
2-2: Ball
3-2: Ground out 4-3 (Groundball, 4)
Top of the 4th over - 0 runs, 1 hit, 0 errors, 1 left on base; Jersey City 6 - Baltimore 9
BOTTOM OF THE 4TH
Baltimore Black Sox batting - Pitching for Jersey City Tritons : RHP Min-gook Chong
Batting: LHB Sergio Rodríguez 0-0: Ground out U3 (Groundball, 34)
Batting: RHB Berihun Tukufu 0-0: Ball
1-0: Ball
2-0: Called Strike
2-1: Ball
3-1: Base on Balls
Batting: RHB Raúl Cicerón 0-0: Ball
1-0: Foul Ball, location: 2F
1-1: Ball
2-1: Foul Ball, location: 2F
2-2: Ball
3-2: Foul Ball, location: 2F
3-2: Grounds into double play, 4-6-3 (Groundball, 4)
Bottom of the 4th over - 0 runs, 0 hits, 0 errors, 0 left on base; Jersey City 6 - Baltimore 9
TOP OF THE 5TH
Jersey City Tritons batting - Pitching for Baltimore Black Sox : RHP Jordan Turpin
Batting: LHB Bartholomew Bailey 0-0: Fly out, F7 (Flyball, 7S)
Batting: RHB Brian Moring 0-0: Foul Ball, location: 2F
0-1: Swinging Strike
0-2: Foul Ball, location: 2F
0-2: Ball
1-2: Ball
2-2: Ball
3-2: Strikes out looking
Batting: RHB Micheal Lovell 0-0: Called Strike
0-1: Called Strike
0-2: Foul Ball, location: 2F
0-2: Foul Ball, location: 2F
0-2: Ball
1-2: Ground out 1-3 (Groundball, P)
Top of the 5th over - 0 runs, 0 hits, 0 errors, 0 left on base; Jersey City 6 - Baltimore 9
BOTTOM OF THE 5TH
Baltimore Black Sox batting - Pitching for Jersey City Tritons : RHP Min-gook Chong
Batting: RHB Jeb Sexton 0-0: Foul Ball, location: 2F
0-1: Swinging Strike
0-2: Ground out 3-1 (Groundball, 34S)
Batting: LHB Ramón Flores 0-0: Ground out 5-3 (Groundball, 25)
Batting: RHB Fernando Martínez 0-0: Called Strike
0-1: Ball
1-1: Ground out 5-3 (Groundball, 56S)
Bottom of the 5th over - 0 runs, 0 hits, 0 errors, 0 left on base; Jersey City 6 - Baltimore 9
TOP OF THE 6TH
Jersey City Tritons batting - Pitching for Baltimore Black Sox : RHP Jordan Turpin
Pitching: RHP Rob Rocha
Batting: RHB Rand McNally 0-0: Foul Ball, location: 2F
0-1: Foul Ball, location: 2F
0-2: Ball
1-2: Strikes out swinging
Batting: RHB Steven Rohrs 0-0: Foul Ball, location: 2F
0-1: Called Strike
0-2: Ball
1-2: SINGLE (Line Drive, 6MD)
Batting: LHB Shelby Noonan 0-0: Ball
Steven Rohrs is caught stealing 2nd base
1-0: Ball
2-0: Called Strike
2-1: Called Strike
2-2: Foul Ball, location: 2F
2-2: Foul Ball, location: 2F
2-2: Ball
3-2: SOLO HOME RUN (Flyball, 9D), Distance : 363 ft
Batting: RHB Ray Walker 0-0: Called Strike
0-1: Ball
1-1: Foul Ball, location: 2F
1-2: Ball
2-2: Ball
3-2: Strikes out swinging, 2-3 out at first.
Top of the 6th over - 1 run, 2 hits, 0 errors, 0 left on base; Jersey City 7 - Baltimore 9
BOTTOM OF THE 6TH
Baltimore Black Sox batting - Pitching for Jersey City Tritons : RHP Min-gook Chong
Batting: LHB Tomás Valenzuela 0-0: Foul Ball, location: 2F
0-1: Fly out, F9 (Flyball, 89S)
Batting: LHB Tim Waters 0-0: Called Strike
0-1: Foul Ball, location: 2F
0-2: Ball
1-2: Ball
2-2: Foul Ball, location: 2F
2-2: Foul Ball, location: 2F
2-2: Foul Ball, location: 2F
2-2: Foul Ball, location: 2F
2-2: Ground out 1-3 (Groundball, P)
Pitching: RHP Jesús Colón
Batting: LHB Shigenobu Ohayashi 0-0: Foul Ball, location: 2F
0-1: Ground out 4-3 (Groundball, 4)
Bottom of the 6th over - 0 runs, 0 hits, 0 errors, 0 left on base; Jersey City 7 - Baltimore 9
TOP OF THE 7TH
Jersey City Tritons batting - Pitching for Baltimore Black Sox : RHP Rob Rocha
Batting: LHB Bart Walton 0-0: Called Strike
0-1: Ball
1-1: Ball
2-1: Ball
3-1: Base on Balls
Batting: LHB Dana Waldrip 0-0: Called Strike
0-1: Ball
1-1: Grounds into double play, 4-6-3 (Groundball, 4MD)
Batting: LHB Bartholomew Bailey 0-0: Ball
1-0: Called Strike
1-1: Ground out 5-3 (Groundball, 56)
Top of the 7th over - 0 runs, 0 hits, 0 errors, 0 left on base; Jersey City 7 - Baltimore 9
BOTTOM OF THE 7TH
Baltimore Black Sox batting - Pitching for Jersey City Tritons : RHP Jesús Colón
Batting: LHB Sergio Rodríguez 0-0: Called Strike
0-1: SINGLE (Line Drive, 4MD)
Batting: RHB Berihun Tukufu 0-0: Ball
Sergio Rodríguez steals 2nd base
1-0: Called Strike
1-1: Ground out 6-3 (Groundball, 6MS)
Sergio Rodríguez to third
Batting: RHB Raúl Cicerón 0-0: Foul Ball, location: 2F
0-1: Ball
1-1: Foul Ball, location: 2F
1-2: Ball
2-2: Ball
3-2: Base on Balls
Batting: RHB Jeb Sexton 0-0: Called Strike
0-1: Ball
1-1: Ball
2-1: Ball
3-1: Foul Ball, location: 2F
3-2: Foul Ball, location: 2F
3-2: Fly out, F6 (Popup, 6M)
Batting: LHB Ramón Flores 0-0: Ball
1-0: Ground out 4-3 (Groundball, 4)
Bottom of the 7th over - 0 runs, 1 hit, 0 errors, 2 left on base; Jersey City 7 - Baltimore 9
TOP OF THE 8TH
Jersey City Tritons batting - Pitching for Baltimore Black Sox : RHP Rob Rocha
Batting: RHB Brian Moring 0-0: Ball
1-0: Foul Ball, location: 2F
1-1: Ball
2-1: Ball
3-1: SINGLE (Groundball, 56D)
Batting: RHB Micheal Lovell 0-0: Swinging Strike
0-1: Ball
1-1: Ball
2-1: Ball
3-1: Foul Ball, location: 2F
3-2: Strikes out looking
Batting: RHB Rand McNally 0-0: Called Strike
0-1: Ball
1-1: Ball
2-1: Foul Ball, location: 2F
2-2: Fly out, F7 (Flyball, 7)
Batting: RHB Steven Rohrs 0-0: Ball
1-0: Ball
2-0: Fly out, F7 (Line Drive, 7)
Top of the 8th over - 0 runs, 1 hit, 0 errors, 1 left on base; Jersey City 7 - Baltimore 9
BOTTOM OF THE 8TH
Baltimore Black Sox batting - Pitching for Jersey City Tritons : RHP Jesús Colón
Batting: RHB Fernando Martínez 0-0: Ball
1-0: Called Strike
1-1: Ball
2-1: Ball
3-1: Foul Ball, location: 2F
3-2: Fly out, F7 (Line Drive, 7)
Batting: LHB Tomás Valenzuela 0-0: Ball
1-0: Ball
2-0: Ball
3-0: Base on Balls
Batting: LHB Tim Waters 0-0: Foul Ball, location: 2F
0-1: Ball
Tomás Valenzuela steals 2nd base
1-1: Swinging Strike
1-2: Strikes out looking
Batting: LHB Shigenobu Ohayashi 0-0: Ball
1-0: Foul Ball, location: 2F
1-1: Swinging Strike
1-2: Ball
2-2: Strikes out looking
Bottom of the 8th over - 0 runs, 0 hits, 0 errors, 1 left on base; Jersey City 7 - Baltimore 9
TOP OF THE 9TH
Jersey City Tritons batting - Pitching for Baltimore Black Sox : RHP Rob Rocha
Pitching: RHP Gordon Neugebauer
Batting: LHB Shelby Noonan 0-0: Ball
1-0: SOLO HOME RUN (Line Drive, 89XD), Distance : 404 ft
Batting: RHB Ray Walker 0-0: Called Strike
0-1: Ground out 5-3 (Groundball, 5S)
Batting: LHB Bart Walton 0-0: Ball
1-0: Ball
2-0: Foul Ball, location: 2F
2-1: Called Strike
2-2: Strikes out swinging, 2-3 out at first.
Batting: LHB Dana Waldrip 0-0: Ball
1-0: Ball
2-0: Called Strike
2-1: Ball
3-1: Base on Balls
Batting: LHB Bartholomew Bailey 0-0: Ball
1-0: Called Strike
1-1: Ball
2-1: Reached on error, E4 (Groundball, 34)
Dana Waldrip to second
Batting: RHB Brian Moring 0-0: Swinging Strike
0-1: Swinging Strike
0-2: Strikes out swinging
Top of the 9th over - 1 run, 1 hit, 1 error, 2 left on base; Jersey City 8 - Baltimore 9
Saturday, December 22nd, 2018 - OOTP Baseball 18.8 Build 76